 Dungeon Crawl Stone Soup version 0.17.1-1-g73c8601 (webtiles) character file.

305 Runnr the Shield-Bearer (level 6, -4/39 HPs)
             Began as a Gargoyle Fighter on Jan 3, 2016.
             Was a Follower of Makhleb.
             Slain by an iguana (9 damage)
             ... on level 4 of the Dungeon.
             The game lasted 00:03:51 (2289 turns).

Runnr the Shield-Bearer (Gargoyle Fighter)          Turns: 2289, Time: 00:03:51

Health: -4/39      AC: 12    Str: 19    XL:     6   Next: 39%
Magic:  6/6        EV:  7    Int:  9    God:    Makhleb [*.....]
Gold:   184        SH:  9    Dex: 11    Spells: 0 memorised, 5 levels left

rFire  . . .     SeeInvis .     a - +0 war axe
rCold  . . .     Clarity  .     b - +0 scale mail
rNeg   + . .     SustAt   .     c - +0 shield
rPois  ∞         Gourm    .     (no helmet)
rElec  +         Spirit   .     m - +0 cloak
rCorr  .         Warding  .     (no gloves)
rMut   .         Stasis   .     (no boots)
MR     .....                    (no amulet)
Stlth  ..........               (no ring)
                                (no ring)

@: not resistant to hostile enchantments, extremely unstealthy
A: negative energy resistance 1, electricity resistance, unbreathing,
petrification resistance, rot immunity, AC +4
a: Renounce Religion


You were on level 4 of the Dungeon.
You worshipped Makhleb.
Makhleb was aware of your devotion.
You were near starving.

You visited 1 branch of the dungeon, and saw 4 of its levels.

You collected 184 gold pieces.

Inventory:

Hand Weapons
 a - a +0 war axe (weapon)
Armour
 b - a +0 scale mail (worn)
 c - a +0 shield (worn)
 m - a +0 cloak (worn)
Wands
 v - a wand of confusion (25)
Scrolls
 g - a scroll of immolation {unknown}
 h - a scroll of blinking {unknown}
 j - 2 scrolls of remove curse {unknown}
 k - a scroll of enchant weapon {unknown}
 l - 3 scrolls of random uselessness {unknown}
 q - a scroll of identify {unknown}
 u - a scroll of enchant armour {unknown}
 y - a scroll of teleportation {unknown}
Potions
 d - a potion of might
 f - a potion of lignification {unknown}
 i - 2 potions of curing {unknown}
 n - a potion of agility {unknown}
 o - a potion of cancellation {unknown}
 p - a potion of flight {unknown}
 r - 2 potions of heal wounds {unknown}
 s - a potion of haste {unknown}
 w - a potion of brilliance {unknown}
 x - 2 potions of cure mutation {unknown}
 z - a potion of poison {unknown}
 A - a potion of degeneration {unknown}
Comestibles
 e - 7 bread rations
 t - a slice of pizza


   Skills:
 + Level 4.7 Fighting
 + Level 3.1 Axes
 + Level 4.8 Armour
 + Level 4.9 Shields


You had 5 spell levels left.
You didn't know any spells.

Dungeon Overview and Level Annotations

Branches:
Dungeon (4/15)
 Temple: D:4-7

Altars:
Makhleb

Shops:
D:4 *


Innate Abilities, Weirdness & Mutations

You are resistant to torment.
Your stone body is resilient (AC +4).
You are immune to poison.
You resist negative energy.
You are resistant to electric shocks.
You can survive without breathing.
You are immune to petrification.
You are immune to rotting.


Message History

The iguana is moderately wounded.
The iguana bites you but does no damage. x2
You slash the iguana!
The iguana is severely wounded.
The iguana bites you!
* * * LOW HITPOINT WARNING * * *
The iguana bites you.
* * * LOW HITPOINT WARNING * * *
You block the iguana's attack.
There is an open door here.
Things that are here:
a scythe; a robe Drink which item? (? for menu, Esc to quit)
Okay, then.
You hit the iguana.
The iguana is severely wounded.
The iguana bites you.
* * * LOW HITPOINT WARNING * * *
The iguana bites you!
You die...

#.# #.##.##...... ###.# ...
##...#. #...# #.# ##.##. #.###
#.# #.### #.# ######.## #.# #.#
#......># ##'## #.# #.####..#
##...## ##.# #l####..# ##..∩..# #
##..###### #@##.#<.###.<.....
####........####.#.....##........
'.......................+........
####...####.####.#...#.##........
# ##..## #.# #.......###.......
#...# #.# ####.#### ##.....#
#.#.# #.# #.### ##...## #.#.###.#
#...# ###'### #.......# ###.#
#......


You could see an iguana.

Vanquished Creatures
  Sigmund (D:4)
  Natasha (thrice) (D:3)
  4 adders
  2 oozes
  A worm (D:3)
  A giant gecko (D:3)
  3 orcs (D:3)
  A bat (D:3)
  3 giant cockroaches (D:1)
  5 hobgoblins
  16 jackals
  7 kobolds
  A quokka (D:3)
  4 giant newts
  8 goblins
  8 rats
68 creatures vanquished.

Notes
Turn   | Place    | Note
--------------------------------------------------------------
     0 | D:1      | Runnr the Gargoyle Fighter began the quest for the Orb.
     0 | D:1      | Reached XP level 1. HP: 14/14 MP: 1/1
    75 | D:1      | Reached XP level 2. HP: 19/19 MP: 2/2
   778 | D:1      | Reached XP level 3. HP: 19/23 MP: 3/3
  1284 | D:2      | Found a burning altar of Makhleb.
  1314 | D:2      | Became a worshipper of Makhleb the Destroyer
  1448 | D:3      | Reached skill level 4 in Shields
  1533 | D:3      | Noticed Natasha
  1539 | D:3      | Killed Natasha
  1539 | D:3      | Reached XP level 4. HP: 29/29 MP: 4/4
  1739 | D:3      | Reached XP level 5. HP: 33/33 MP: 5/5
  1760 | D:3      | Reached * piety under Makhleb
  1918 | D:3      | Noticed Natasha
  1924 | D:3      | Killed Natasha
  1949 | D:3      | Noticed Natasha
  1955 | D:3      | Killed Natasha
  2115 | D:4      | Noticed Sigmund
  2125 | D:4      | Killed Sigmund
  2125 | D:4      | Reached XP level 6. HP: 22/39 MP: 6/6
  2137 | D:4      | Found Annes's General Store.
  2289 | D:4      | Slain by an iguana

Action                   |  1- 3 |  4- 6 || total
-------------------------+-------+-------++-------
Melee: War axe           |    95 |   120 ||   215
  Eat: Chunk             |     2 |     1 ||     3
